 Dungeon Crawl Stone Soup version 0.31-a0-40-g1d5085d191 (webtiles) character file.

Game seed: 6407213176768562728

265 beep the Twirler (level 5, 45/45 HPs)
             Began as a Minotaur Gladiator on Dec 30, 2021.
             Quit the game in an ossuary on May 17, 2023.
             The game lasted 00:02:47 (2931 turns).

beep the Twirler (Minotaur Gladiator)               Turns: 2931, Time: 00:02:48

Health: 45/45      AC:  5    Str: 20    XL:     5   Next: 99%
Magic:  4/4        EV: 14    Int:  5    God:
Gold:   97         SH:  0    Dex: 18    Spells: 4/4 levels left

rFire   . . .        a - +0 quarterstaff
rCold   . . .        (shield currently unavailable)
rNeg    . . .        b - +0 leather armour
rPois   .            c - +2 hat
rElec   .            (no cloak)
rCorr   .            (no gloves)
SInv    .            (no boots)
Will    .....        (no amulet)
Stlth   ++           h - +6 ring of dexterity
HPRegen 0.27/turn    (no ring)
MPRegen 0.09/turn

%: no passive effects
@: no status effects
A: horns 2, retaliatory headbutt
a: no special abilities


You were in an ossuary.
You visited 1 branch of the dungeon, and saw 5 of its levels.
You also visited: Ossuary.

You collected 152 gold pieces.
You spent 55 gold pieces at shops.

Inventory:

Hand Weapons
 a - a +0 quarterstaff (weapon)
Missiles
 d - 3 throwing nets (quivered)
Armour
 b - a +0 leather armour (worn)
 c - a +2 hat (worn)
Jewellery
 h - a +6 ring of dexterity (left hand)
 j - a +6 ring of dexterity
 k - a +6 ring of intelligence
Scrolls
 i - 2 scrolls of teleportation
 l - a scroll of identify
 m - a scroll of vulnerability {unknown}
 q - 2 scrolls of magic mapping {unknown}
Potions
 e - 2 potions of berserk rage {unknown}
 f - 2 potions of heal wounds
 g - a potion of curing {unknown}
 n - 2 potions of might {unknown}
 o - a potion of brilliance {unknown}
 p - a potion of haste {unknown}


   Skills:
 + Level 3.4 Fighting
 * Level 2.6(4.5) Maces & Flails
 + Level 5.7(6.0) Staves
 + Level 2.2 Throwing
 + Level 2.2 Armour
 + Level 4.2 Dodging
 + Level 0.4 Stealth


You had 4 spell levels left.
You didn't know any spells.
Your spell library contained the following spells:

 Spells                   Type           Power      Damage    Failure   Level
 Petrify                  Tmut/Erth      0%         N/A       99%         4
 Metabolic Englaciation   Hex/Ice        0%         N/A       100%        5
 Statue Form              Tmut/Erth      0%         N/A       100%        6


Dungeon Overview and Level Annotations

Branches:
Dungeon (6/15)            Ossuary (1/1)
 Temple: D:4-7

Altars:
Zin

Shops:
D:2 *:


Innate Abilities, Weirdness & Mutations

You have a pair of horns on your head.
You reflexively headbutt those who attack you in melee.


Message History

The wraith misses you. You furiously retaliate!
You headbutt the wraith! You sock the wraith! You headbutt the wraith.
The wraith is almost destroyed.
The wraith hits you. The wraith drains your vigour!
You feel as though you will be slow longer.
The wraith closely misses you.
You closely miss the wraith.
You headbutt the wraith, but do no damage.
The wraith is almost destroyed.
The wraith hits you. The wraith drains your vigour!
You feel as though you will be slow longer.
You hit the wraith. You headbutt the wraith.
You destroy the wraith!
Your Fighting skill increases to level 3!
Your base Maces & Flails skill increases to level 2!
Your Staves skill increases to level 5!
Your Armour skill increases to level 2!
You have reached level 5!
q - a scroll labelled PAADOBR AFIRCHITAACS
There is an open door, spattered with blood here.
Unknown command.
Save game and exit?
Welcome back, beep the Minotaur Gladiator.
Press ? for a list of commands and other information.
You feel yourself speed up.
HP restored.
You open the door.
A mummy comes into view.
Found a scroll labelled PAADOBR AFIRCHITAACS.
The mummy closely misses you. You furiously retaliate!
You headbutt the mummy.
There is an open door here.
You hit the mummy.
The mummy is moderately damaged.
The mummy closely misses you. You furiously retaliate!
You headbutt the mummy. You sock the mummy!
The mummy is almost destroyed.
You sock the mummy!
You destroy the mummy!
q - 2 scrolls labelled PAADOBR AFIRCHITAACS (gained 1)
There is an open door here.
Are you sure you want to abandon this character and quit the game? (Confirm with "yes".)

#.....................
#.....................
#..####......###......
#..# +...8...# #...8..
#..####......#+#......
#............#.#......
#.....................
#..####.####.....####.
#..#.@..# +...8...'.#.
#..####.####.....####.
#.....................
#............#.#......
#..####......#+#......
#..#.'...8...# #...8..
#..####......###......
#.....................
#.....................


There were no monsters in sight!

Vanquished Creatures
  A wraith (Ossuary)
  A mummy (Ossuary)
  3 adders (D:3)
  2 worms (D:3)
  2 dart slugs
  An orc (D:3)
  3 bats
  2 endoplasms
  2 giant cockroaches (D:1)
  2 gnoll zombies (Ossuary)
  2 goblins (D:1)
  9 hobgoblins
  7 jackals
  6 kobolds
  5 ball pythons
  3 frilled lizards
  A goblin zombie (Ossuary)
  3 hobgoblin zombies (Ossuary)
  2 kobold zombies (Ossuary)
  3 rats
60 creatures vanquished.

Notes
Turn   | Place    | Note
-------+----------+-------------------------------------------
     0 | D:1      | beep the Minotaur Gladiator began the quest for the Orb.
     0 | D:1      | Reached XP level 1. HP: 18/18 MP: 0/0
    11 | D:1      | Found a faded altar of an unknown god.
    70 | D:1      | Reached skill level 4 in Staves
    70 | D:1      | Reached XP level 2. HP: 22/25 MP: 1/1
  1003 | D:2      | Found Peexabuuse's General Store.
  1019 | D:2      | Bought a potion of heal wounds for 55 gold pieces
  1219 | D:2      | Found Ogoatt's Book Shop.
  1283 | D:2      | Reached XP level 3. HP: 27/30 MP: 2/2
  1858 | D:3      | Reached skill level 1 in Maces & Flails
  1924 | D:3      | Reached skill level 1 in Armour
  1924 | D:3      | Reached XP level 4. HP: 25/37 MP: 3/3
  2523 | D:3      | Found a glowing silver altar of Zin.
  2589 | D:4      | You fall into a shaft and drop 2 floors!
  2595 | D:6      | Found a sand-covered staircase.
  2600 | Ossuary  | Entered an ossuary
  2600 | Ossuary  | Noticed a wraith
  2600 | Ossuary  | Noticed a wraith
  2600 | Ossuary  | Noticed a wraith
  2823 | Ossuary  | Noticed a wraith
  2835 | Ossuary  | Killed a wraith
  2836 | Ossuary  | Reached skill level 5 in Staves
  2836 | Ossuary  | Reached XP level 5. HP: 20/45 MP: 4/4
  2840 | Ossuary  | Upgraded the game from 0.28-a0-1347-g113dc556a4 to
                  | 0.31-a0-40-g1d5085d191
  2931 | Ossuary  | Quit the game

Illustrated notes

Levels and vault maps discovered:
D:1:      dpeg_arrival_simpleton_c, layout_loops_ring,
          nicolae_ecumenical_snake_handling
D:2:      layout_loops_ring, serial_shops, nicolae_shop_advertising_works
          [nicolae_subvault_shop_adworks], shop
D:3:      layout_basic, zin_academy, st_stairs_3, hex_medium
D:4:      nicolae_cairo_tiling, layout_cave_pods
D:6:      layout_loops_cross, mainiacjoe_overflow_concentric_impassable,
          enter_ossuary_5, hangedman_decor_opposing, uniq_menkaure
Ossuary:  ossuary_kennysheep_city_of_the_dead

Skill      XL: |  1  2  3  4 |
---------------+-------------+-----
Staves         | 4 5 |  5.7
Maces & Flails | 1 2 |  2.6
Armour         | 1 2 |  2.2
Dodging        | 4 |  4.2
Fighting       | 3 |  3.4
Throwing       | |  2.2
Stealth        | |  0.4

Action                     |  1- 3 |  4- 6 || total
---------------------------+-------+-------++-------
  Melee: Quarterstaff      |    68 |    45 ||   113
         Headbutt          |     6 |    11 ||    17
    Use: Scroll            |     3 |     1 ||     4
   Stab: Sleeping          |       |     1 ||     1
 Armour: Leather armour    |    22 |     6 ||    28
  Dodge: Dodged            |    47 |    25 ||    72

Table legend: (Time is in decaauts)
 A = Elapsed time spent in this place.
 B = Non-inter-level travel time spent in this place.
 C = Inter-level travel time spent in this place.
 D = Time resting spent in this place.
 E = Time spent auto-exploring this place.
 F = Levels seen in this place.
 G = Mean time per level.
                   A        B        C        D        E       F      G
               +--------+--------+--------+--------+--------+-----+--------+
         Total |   2954 |   2879 |     75 |      0 |   2515 |   6 |  492.3 |
       Dungeon |   2605 |   2530 |     75 |      0 |   2248 |   5 |  521.0 |
       Ossuary |    349 |    349 |      0 |      0 |    267 |   1 |  349.0 |
               +--------+--------+--------+--------+--------+-----+--------+

Top non-repeatable levels by time:
     D:1: 997 daAuts
     D:3: 819 daAuts
     D:2: 768 daAuts
 Ossuary: 349 daAuts
     D:6: 10 daAuts
     D:4: 8 daAuts
